 Dungeon Crawl Stone Soup version 0.21.1-1-g345015f (webtiles) character file.

13125 tidbits the Thaumaturge (level 12, 89/89 HPs)
             Began as a Gnoll Ice Elementalist on Apr 1, 2018.
             Quit the game on level 9 of the Dungeon.
             The game lasted 00:43:58 (4061 turns).

tidbits the Thaumaturge (Gnoll Ice Elementalist)    Turns: 4061, Time: 00:43:58

Health: 89/89      AC: 20    Str: 11    XL:     12   Next: 2%
Magic:  33/33      EV: 19    Int: 25    God:
Gold:   308        SH:  0    Dex: 17    Spells: 14/28 levels left

rFire    . . .     SeeInvis .   b - +9 war axe "Buekhi" {freeze, rF+ MR- MP+9 Int+4}
rCold    + . .     Gourm    .   (no shield)
rNeg     . . .     Faith    .   B - +0 troll leather armour {Purgy}
rPois    .         Spirit   .   E - +1 helmet
rElec    .         Reflect  .   (no cloak)
rCorr    .         Harm     .   G - +0 pair of gloves
MR       .....                  F - +0 pair of boots
Stlth    ++++......             p - amulet of rage
HPRegen  0.64/turn              V - +2 ring of evasion
MPRegen  0.23/turn              H - ring of ice

@: icy armour, slow
A: distributed training, fangs 1, strong nose
a: Evoke Berserk Rage


You were on level 9 of the Dungeon.
You were not hungry.

You visited 2 branches of the dungeon, and saw 13 of its levels.
You also visited: Sewer and Ossuary.

You collected 496 gold pieces.
You spent 188 gold pieces at shops.

Inventory:

Hand Weapons
 a - a +0 dagger
 b - the +9 war axe "Buekhi" (weapon) {freeze, rF+ MR- MP+9 Int+4}
   (You found it on level 8 of the Dungeon)

   It has been specially enchanted to freeze those struck by it, causing extra
   injury to most foes and up to half again as much damage against particularly
   susceptible opponents.
   It can also slow down cold-blooded creatures.
   It affects your intelligence (+4).
   It protects you from fire.
   It affects your resistance to hostile enchantments.
   It affects your magic capacity (+9).
 m - a +2 mace of distortion
   (You took it off Robin on level 2 of the Dungeon)
 v - a +0 blowgun
Missiles
 e - 16 tomahawks (quivered)
 g - 16 bolts
 h - 187 arrows
 l - a throwing net {!f}
 w - 17 poisoned needles
 C - 29 stones
Armour
 f - a +1 robe of magic resistance
   (You took it off an orc wizard on level 8 of the Dungeon)
 q - a +1 scale mail of fire resistance
   (You found it on level 6 of the Dungeon)
 t - a +1 chain mail of cold resistance
   (You found it on level 5 of the Dungeon)
 B - a +0 troll leather armour (worn) {Purgy}
 E - a +1 helmet (worn)
 F - a +0 pair of boots (worn)
 G - a +0 pair of gloves (worn)
Jewellery
 p - an amulet of rage (around neck)
   (You found it on level 3 of the Dungeon)
 u - a +3 ring of dexterity
   (You found it on level 11 of the Dungeon)
 H - a ring of ice (right hand)
   (You found it on level 4 of the Dungeon)
 K - an uncursed ring of resist corrosion
   (You found it on level 11 of the Dungeon)
 V - a +2 ring of evasion (left hand)
   (You found it on level 1 of the Dungeon)
Wands
 s - a wand of disintegration (19)
 J - a wand of polymorph (11)
 N - a wand of digging (19)
 P - a wand of acid (5)
 S - a wand of iceblast (6)
Scrolls
 d - 4 scrolls of teleportation
 i - a scroll of identify
 k - 3 scrolls of blinking
 n - a scroll of fear
 r - 5 scrolls of remove curse
 y - 2 scrolls of noise
 z - a scroll of brand weapon
 A - 3 scrolls of torment
 D - 2 scrolls of fog
 I - 3 scrolls of immolation
 W - 2 scrolls of enchant weapon
Potions
 j - 4 potions of haste
 M - 3 potions of heal wounds
 R - 5 potions of lignification
 T - 3 potions of flight
 U - 3 potions of ambrosia
 X - 5 potions of curing
 Y - a potion of berserk rage
 Z - 2 potions of agility
Books
 o - a book of Frost

   Spells                             Type                      Level
   a - Freeze                         Ice                          1
   b - Throw Frost                    Conjuration/Ice              2
   c - Ozocubu's Armour               Charms/Ice                   3
   d - Throw Icicle                   Conjuration/Ice              4
   e - Summon Ice Beast               Ice/Summoning                4
 x - a book of Callings
   (You found it on level 10 of the Dungeon)

   Spells                             Type                      Level
   a - Summon Small Mammal            Summoning                    1
   b - Call Imp                       Summoning                    2
   c - Call Canine Familiar           Summoning                    3
   d - Summon Guardian Golem          Hexes/Summoning              3
   e - Summon Lightning Spire         Summoning/Air                4
   f - Summon Ice Beast               Ice/Summoning                4
 Q - a book of Air
   (You found it on level 8 of the Dungeon)

   Spells                             Type                      Level
   a - Shock                          Conjuration/Air              1
   b - Swiftness                      Charms/Air                   2
   c - Static Discharge               Conjuration/Air              3
   d - Airstrike                      Air                          4
   e - Lightning Bolt                 Conjuration/Air              5
Comestibles
 c - 19 rations


   Skills:
 + Level 6.7 Fighting
 + Level 6.7 Short Blades
 + Level 6.7 Long Blades
 + Level 6.7 Axes
 + Level 6.7 Maces & Flails
 + Level 6.7 Polearms
 + Level 6.7 Staves
 + Level 6.7 Slings
 + Level 6.7 Bows
 + Level 6.7 Crossbows
 + Level 6.7 Throwing
 + Level 6.7 Armour
 + Level 8.2 Dodging
 + Level 8.0 Stealth
 + Level 6.7 Shields
 + Level 6.7 Unarmed Combat
 + Level 8.5 Spellcasting
 + Level 6.0 Conjurations
 + Level 5.5 Hexes
 + Level 5.5 Charms
 + Level 5.5 Summonings
 + Level 5.5 Necromancy
 + Level 5.5 Translocations
 + Level 5.5 Transmutations
 + Level 5.5 Fire Magic
 + Level 7.9 Ice Magic
 + Level 5.5 Air Magic
 + Level 5.5 Earth Magic
 + Level 5.5 Poison Magic
 + Level 7.4 Invocations
 + Level 6.7 Evocations


You had 14 spell levels left.
You knew the following spells:

 Your Spells              Type           Power        Failure   Level  Hunger
a - Freeze                Ice            ####         1%          1    None
j - Throw Frost           Conj/Ice       ######       1%          2    None
o - Ozocubu's Armour      Chrm/Ice       ######..     1%          3    None
x - Summon Ice Beast      Ice/Summ       ######..     4%          4    ##.....
L - Summon Lightning Spi  Summ/Air       #####...     8%          4    ##.....


Dungeon Overview and Level Annotations

Branches:
Dungeon (12/15)            Temple (1/1) D:4            Lair (0/6) D:11
    Orc (0/2) D:10

Altars:
Ashenzari
Dithmenos
Elyvilon
Fedhas
Gozag
Hepliaklqana
Nemelex Xobeh
Okawaru
Ru
Sif Muna
Trog
Uskayaw
Vehumet
Wu Jian
Xom
Yredelemnul
Zin

Shops:
D:5 [*!?[

Annotations:
D:10 Fannar


Innate Abilities, Weirdness & Mutations

Your experience applies equally to all skills.
You have very sharp teeth.
Your uncanny sense of smell can sniff out nearby items.


Message History

Your icy armour starts to melt.
Things that are here:
a dire flail; a giant club Your ice beast disappears in a puff of smoke!
Your icy armour evaporates.
There is an open door here.
You enter the shallow water.
Moving in this stuff is going to be slow.
Search for what [Enter for "."]? .
There is a stone staircase leading up here.
You climb upwards.
An orc comes into view. It is wielding a dagger.
The orc shouts!
There is a stone staircase leading down here.
Found 11 gold pieces.
Unknown command.
Found 21 stones.
You see here 11 gold pieces.
You now have 294 gold pieces (gained 11).
Found a ration.
Found 14 gold pieces.
You barely miss the orc. The orc closely misses you.
You slash the orc! You freeze the orc.
You kill the orc!
Things that are here:
a dagger; a leather armour; an orc corpse You see here a ration.
c - 18 rations (gained 1)
You see here 14 gold pieces.
You now have 308 gold pieces (gained 14).
An iguana comes into view.
Found a stone staircase leading down.
There is a stone staircase leading down here.
You climb downwards.
Level annotation: Fannar
There is a stone staircase leading up here.
Unknown command.
As you read the scroll of magic mapping, it crumbles to dust.
You feel aware of your surroundings.
Unknown command.
You climb upwards.
There is a stone staircase leading down here.
Unknown command.
The iguana misses you.
You slash the iguana! You freeze the iguana.
You kill the iguana!
Found a leather armour.
You see here a leather armour.
An orc comes into view. It is wielding a dagger.
An orc priest comes into view. It is wielding a vampiric short sword.
Found a ration.
An orc comes into view.
The helpless orc priest fails to defend itself.
You hit the orc priest. You freeze the orc priest.
You bite the orc priest, but do no damage.
The orc priest is heavily wounded.
The helpless orc fails to defend itself.
You slash the orc! You freeze the orc.
You kill the orc!
The orc priest hits you but does no damage.
You slash the orc priest! You freeze the orc priest.
You kill the orc priest!
Things that are here:
a vampiric short sword; an orc corpse You see here a ration.
c - 19 rations (gained 1)
The orc shouts!
The orc closely misses you.
Things that are here:
a vampiric short sword; an orc corpse You slash the orc!
You freeze the orc.
You kill the orc!
You are feeling hungry.
Things that are here:
a dagger; an orc corpse You butcher the orc corpse.
Things that are here:
a dagger; 2 chunks of flesh; an orc skeleton Eat one of 2 chunks of flesh? (ye/n/q)
You eat one of the 2 chunks of flesh.
This raw flesh tastes terrible.
Found 20 arrows.
Found 17 stones.
You see here 20 arrows.
h - 187 arrows (gained 20)
Found a leather armour.
You see here a leather armour.
You see here 17 stones.
An ice beast comes into view.
Casting: Summon Ice Beast
Confirm with . or Enter, or press ? or * to list all spells.
You feel a surge of power! A film of ice covers your body!
Unknown command.
The helpless ice beast fails to defend itself.
You slice the ice beast!!
The ice beast is severely wounded.
The ice beast misses you.
You slash the ice beast!
You kill the ice beast!
Unknown command.
Are you sure you want to abandon this character and quit the game? (Confirm with "yes".)

### ######
##.###########.....
#.#............####
##@###########.# #.#
###.#### #.#
#....... #.#
#####.....## #.#
#..........# #.#
.###......#
############.# #.#
#......#
#.........##.#####.#
###.#..#
#...####...#.......#
#.#..#


There were no monsters in sight!

Vanquished Creatures
  The ghost of VLARC the Geomancer, a journeyman DgEE (D:10)
  3 two-headed ogres
  The ghost of Savaroth the Cleaver, a novice MiBe of Trog (D:7)
  A manticore (D:11)
  A gargoyle (D:10)
  2 trolls
  A wind drake (shapeshifter) (D:10)
  A hippogriff (D:8)
  7 yaks
  A wyvern (D:10)
  A steam dragon (D:10)
  Duvessa (D:5)
  Purgy (Sewer)
  3 ice beasts
  2 orc warriors (D:9)
  A sky beast (D:10)
  2 black bears
  6 ogres
  3 phantoms
  A necrophage (D:9)
  6 centaurs
  2 big kobolds
  2 wyvern skeletons
  Dowan (D:5)
  2 scorpions
  12 killer bees
  3 jellies
  An electric eel (D:9)
  3 wights (D:10)
  2 howler monkeys
  3 crimson imps
  2 centaur skeletons
  A centaur zombie (D:10)
  5 orc wizards
  3 orc priests
  A bullfrog skeleton (D:8)
  2 hounds
  3 iguanas
  2 worker ants
  4 mummies (Ossuary)
  Robin (D:2)
  5 adders
  A river rat (D:5)
  An adder zombie (D:10)
  3 worms
  2 dart slugs (D:1)
  24 orcs
  4 giant cockroaches
  11 goblins
  6 hobgoblins
  8 jackals
  A quokka (D:6)
  3 ball pythons (D:5)
  2 bats (D:1)
  5 frilled lizards
  13 kobolds
  A quokka skeleton (D:6)
  4 rats
  2 fungi (D:9)
197 creatures vanquished.

Vanquished Creatures (collateral kills)
  Snorg (D:10)
  A death knight (D:10)
  2 two-headed ogres
  An ugly thing (D:11)
  Grinder (D:5)
  A soldier ant (D:11)
  An ice beast (D:10)
  A black bear (D:9)
  An ogre (D:8)
  4 centaurs (D:11)
  A crocodile (D:9)
  Blork the orc (D:6)
  2 big kobolds
  A water moccasin zombie (D:8)
  4 killer bees
  A jelly (D:8)
  3 crimson imps
  A bullfrog zombie (D:7)
  A human zombie (D:8)
  4 orc wizards
  An iguana (D:6)
  A worker ant (D:7)
  An adder zombie (D:7)
  3 orcs
  13 kobolds
52 creatures vanquished.

Grand Total: 249 creatures vanquished

Notes
Turn   | Place    | Note
-------+----------+-------------------------------------------
     0 | D:1      | tidbits the Gnoll Ice Elementalist began the quest for the Orb.
     0 | D:1      | Reached XP level 1. HP: 13/13 MP: 6/6
   161 | D:2      | Reached skill level 2 in Conjurations
   164 | D:2      | Reached XP level 2. HP: 19/19 MP: 2/7
   326 | D:2      | Reached XP level 3. HP: 25/25 MP: 5/9
   333 | D:2      | Learned a level 2 spell: Throw Frost
   337 | D:2      | Learned a level 3 spell: Ozocubu's Armour
   340 | D:2      | Noticed Robin
   352 | D:2      | Reached skill level 5 in Spellcasting
   367 | D:2      | Killed Robin
   368 | D:2      | Reached skill level 1 in Invocations
   371 | D:2      | HP: 1/25 [rat (3)]
   646 | D:3      | Reached skill level 1 in Fighting
   646 | D:3      | Reached skill level 1 in Short Blades
   646 | D:3      | Reached skill level 1 in Long Blades
   646 | D:3      | Reached skill level 1 in Axes
   646 | D:3      | Reached skill level 1 in Maces & Flails
   646 | D:3      | Reached skill level 1 in Polearms
   646 | D:3      | Reached skill level 1 in Staves
   646 | D:3      | Reached skill level 1 in Slings
   646 | D:3      | Reached skill level 1 in Bows
   646 | D:3      | Reached skill level 1 in Crossbows
   646 | D:3      | Reached skill level 1 in Throwing
   646 | D:3      | Reached skill level 1 in Armour
   646 | D:3      | Reached skill level 1 in Shields
   646 | D:3      | Reached skill level 1 in Unarmed Combat
   646 | D:3      | Reached skill level 1 in Evocations
   676 | D:2      | Reached XP level 4. HP: 27/32 MP: 11/11
   698 | D:4      | Noticed an ogre
   698 | D:4      | Noticed a phantom
   706 | D:4      | Killed an ogre
   706 | D:4      | Reached skill level 1 in Hexes
   706 | D:4      | Reached skill level 1 in Charms
   706 | D:4      | Reached skill level 1 in Summonings
   706 | D:4      | Reached skill level 1 in Necromancy
   706 | D:4      | Reached skill level 1 in Translocations
   706 | D:4      | Reached skill level 1 in Transmutations
   706 | D:4      | Reached skill level 1 in Fire Magic
   706 | D:4      | Reached skill level 1 in Air Magic
   706 | D:4      | Reached skill level 1 in Earth Magic
   706 | D:4      | Reached skill level 1 in Poison Magic
   706 | D:4      | Reached XP level 5. HP: 25/37 MP: 6/12
   822 | D:4      | Found a staircase to the Ecumenical Temple.
   826 | Temple   | Entered the Ecumenical Temple
   998 | D:5      | Entered Level 5 of the Dungeon
  1100 | D:5      | Found Fikabbas's Antique Armour Emporium.
  1119 | D:5      | Noticed a phantom
  1134 | D:5      | Found a glowing drain.
  1159 | D:5      | Reached XP level 6. HP: 44/44 MP: 10/13
  1185 | D:5      | Killed a phantom
  1185 | D:5      | Reached skill level 5 in Dodging
  1185 | D:5      | Reached skill level 2 in Invocations
  1211 | Sewer    | Entered a sewer
  1230 | Sewer    | Reached skill level 2 in Fighting
  1230 | Sewer    | Reached skill level 2 in Short Blades
  1230 | Sewer    | Reached skill level 2 in Long Blades
  1230 | Sewer    | Reached skill level 2 in Axes
  1230 | Sewer    | Reached skill level 2 in Maces & Flails
  1230 | Sewer    | Reached skill level 2 in Polearms
  1230 | Sewer    | Reached skill level 2 in Staves
  1230 | Sewer    | Reached skill level 2 in Slings
  1230 | Sewer    | Reached skill level 2 in Bows
  1230 | Sewer    | Reached skill level 2 in Crossbows
  1230 | Sewer    | Reached skill level 2 in Throwing
  1230 | Sewer    | Reached skill level 2 in Armour
  1230 | Sewer    | Reached skill level 2 in Shields
  1230 | Sewer    | Reached skill level 2 in Unarmed Combat
  1230 | Sewer    | Reached skill level 2 in Evocations
  1246 | Sewer    | Learned a level 4 spell: Summon Ice Beast
  1270 | Sewer    | Noticed Purgy
  1284 | Sewer    | Killed Purgy
  1372 | D:5      | Found Zekul's Magic Scroll Boutique.
  1377 | D:5      | Bought a scroll of magic mapping for 45 gold pieces
  1378 | D:5      | Bought a scroll of teleportation for 39 gold pieces
  1378 | D:5      | Bought a scroll of remove curse for 39 gold pieces
  1378 | D:5      | Bought a scroll of identify for 26 gold pieces
  1378 | D:5      | Bought a scroll of noise for 13 gold pieces
  1378 | D:5      | Bought a scroll of fog for 26 gold pieces
  1385 | D:5      | Noticed Duvessa
  1388 | D:5      | Found Hoselyg's Distillery.
  1389 | D:5      | Noticed Dowan
  1399 | D:5      | Killed Duvessa
  1399 | D:5      | Reached XP level 7. HP: 50/50 MP: 15/15
  1408 | D:5      | Killed Dowan
  1430 | D:5      | Found Hiozob's Assorted Antiques.
  1440 | D:5      | Found Foxuug's Antique Armour Shop.
  1558 | D:4      | Reached skill level 3 in Conjurations
  1558 | D:4      | Reached skill level 2 in Hexes
  1558 | D:4      | Reached skill level 2 in Charms
  1558 | D:4      | Reached skill level 2 in Summonings
  1558 | D:4      | Reached skill level 2 in Necromancy
  1558 | D:4      | Reached skill level 2 in Translocations
  1558 | D:4      | Reached skill level 2 in Transmutations
  1558 | D:4      | Reached skill level 2 in Fire Magic
  1558 | D:4      | Reached skill level 2 in Air Magic
  1558 | D:4      | Reached skill level 2 in Earth Magic
  1558 | D:4      | Reached skill level 2 in Poison Magic
  1588 | D:5      | Noticed Grinder
  1597 | D:5      | Paralysed by Grinder for 2 turns
  1604 | D:5      | Paralysed by Grinder for 5 turns
  1624 | D:5      | Killed Grinder
  1624 | D:5      | Reached skill level 5 in Stealth
  1624 | D:5      | Reached skill level 3 in Invocations
  1750 | D:6      | Reached XP level 8. HP: 57/57 MP: 8/16
  1754 | D:6      | Reached skill level 6 in Ice Magic
  1760 | D:6      | Reached skill level 3 in Fighting
  1760 | D:6      | Reached skill level 3 in Short Blades
  1760 | D:6      | Reached skill level 3 in Long Blades
  1760 | D:6      | Reached skill level 3 in Axes
  1760 | D:6      | Reached skill level 3 in Maces & Flails
  1760 | D:6      | Reached skill level 3 in Polearms
  1760 | D:6      | Reached skill level 3 in Staves
  1760 | D:6      | Reached skill level 3 in Slings
  1760 | D:6      | Reached skill level 3 in Bows
  1760 | D:6      | Reached skill level 3 in Crossbows
  1760 | D:6      | Reached skill level 3 in Throwing
  1760 | D:6      | Reached skill level 3 in Armour
  1760 | D:6      | Reached skill level 3 in Shields
  1760 | D:6      | Reached skill level 3 in Unarmed Combat
  1760 | D:6      | Reached skill level 3 in Evocations
  1855 | D:6      | Noticed Blork the orc
  1863 | D:6      | Killed Blork the orc
  1863 | D:6      | Reached skill level 6 in Spellcasting
  1967 | D:8      | Noticed a hippogriff
  1974 | D:8      | Killed a hippogriff
  1988 | D:8      | Reached skill level 4 in Invocations
  1988 | D:8      | Reached skill level 3 in Hexes
  1988 | D:8      | Reached skill level 3 in Charms
  1988 | D:8      | Reached skill level 3 in Summonings
  1988 | D:8      | Reached skill level 3 in Necromancy
  1988 | D:8      | Reached skill level 3 in Translocations
  1988 | D:8      | Reached skill level 3 in Transmutations
  1988 | D:8      | Reached skill level 3 in Fire Magic
  1988 | D:8      | Reached skill level 3 in Air Magic
  1988 | D:8      | Reached skill level 3 in Earth Magic
  1988 | D:8      | Reached skill level 3 in Poison Magic
  1993 | D:8      | Reached skill level 6 in Dodging
  1993 | D:8      | Reached XP level 9. HP: 43/65 MP: 6/18
  2135 | D:8      | Noticed a two-headed ogre
  2144 | D:8      | Killed a two-headed ogre
  2144 | D:8      | Reached skill level 4 in Fighting
  2144 | D:8      | Reached skill level 4 in Short Blades
  2144 | D:8      | Reached skill level 4 in Long Blades
  2144 | D:8      | Reached skill level 4 in Axes
  2144 | D:8      | Reached skill level 4 in Maces & Flails
  2144 | D:8      | Reached skill level 4 in Polearms
  2144 | D:8      | Reached skill level 4 in Staves
  2144 | D:8      | Reached skill level 4 in Slings
  2144 | D:8      | Reached skill level 4 in Bows
  2144 | D:8      | Reached skill level 4 in Crossbows
  2144 | D:8      | Reached skill level 4 in Throwing
  2144 | D:8      | Reached skill level 4 in Armour
  2144 | D:8      | Reached skill level 6 in Stealth
  2144 | D:8      | Reached skill level 4 in Shields
  2144 | D:8      | Reached skill level 4 in Unarmed Combat
  2144 | D:8      | Reached skill level 4 in Conjurations
  2144 | D:8      | Reached skill level 4 in Evocations
  2395 | D:8      | Found a sand-covered staircase.
  2421 | Ossuary  | Entered an ossuary
  2647 | D:7      | Noticed Savaroth's ghost (novice MiBe)
  2663 | D:7      | Killed Savaroth's ghost
  2663 | D:7      | Reached skill level 7 in Spellcasting
  2663 | D:7      | Reached skill level 5 in Invocations
  2663 | D:7      | Reached XP level 10. HP: 73/73 MP: 13/20
  2745 | D:7      | Reached skill level 4 in Hexes
  2745 | D:7      | Reached skill level 4 in Charms
  2745 | D:7      | Reached skill level 4 in Summonings
  2745 | D:7      | Reached skill level 4 in Necromancy
  2745 | D:7      | Reached skill level 4 in Translocations
  2745 | D:7      | Reached skill level 4 in Transmutations
  2745 | D:7      | Reached skill level 4 in Fire Magic
  2745 | D:7      | Reached skill level 4 in Air Magic
  2745 | D:7      | Reached skill level 4 in Earth Magic
  2745 | D:7      | Reached skill level 4 in Poison Magic
  2850 | D:8      | Got an encrusted war axe
  2851 | D:8      | Identified the +9 war axe "Buekhi" {freeze, rF+ MR- MP+9 Int+4} (You found it on level 8 of the Dungeon)
  2869 | D:9      | Reached skill level 5 in Fighting
  2869 | D:9      | Reached skill level 5 in Short Blades
  2869 | D:9      | Reached skill level 5 in Long Blades
  2869 | D:9      | Reached skill level 5 in Axes
  2869 | D:9      | Reached skill level 5 in Maces & Flails
  2869 | D:9      | Reached skill level 5 in Polearms
  2869 | D:9      | Reached skill level 5 in Staves
  2869 | D:9      | Reached skill level 5 in Slings
  2869 | D:9      | Reached skill level 5 in Bows
  2869 | D:9      | Reached skill level 5 in Crossbows
  2869 | D:9      | Reached skill level 5 in Throwing
  2869 | D:9      | Reached skill level 5 in Armour
  2869 | D:9      | Reached skill level 5 in Shields
  2869 | D:9      | Reached skill level 5 in Unarmed Combat
  2869 | D:9      | Reached skill level 5 in Evocations
  2892 | D:9      | Noticed a two-headed ogre
  2909 | D:9      | Reached skill level 7 in Ice Magic
  2910 | D:9      | Killed a two-headed ogre
  2910 | D:9      | Reached skill level 7 in Dodging
  2925 | D:9      | Reached skill level 5 in Conjurations
  3000 | D:9      | Reached skill level 6 in Invocations
  3005 | D:9      | Reached skill level 7 in Stealth
  3131 | D:10     | Entered Level 10 of the Dungeon
  3171 | D:10     | Noticed a two-headed ogre
  3177 | D:10     | Killed a two-headed ogre
  3177 | D:10     | Reached XP level 11. HP: 81/81 MP: 22/22
  3183 | D:10     | Noticed VLARC's ghost (journeyman DgEE)
  3196 | D:11     | Found a staircase to the Lair.
  3239 | D:11     | Noticed a white ugly thing
  3244 | D:11     | Noticed a manticore
  3341 | D:11     | Killed a manticore
  3352 | D:11     | Reached skill level 6 in Fighting
  3352 | D:11     | Reached skill level 6 in Short Blades
  3352 | D:11     | Reached skill level 6 in Long Blades
  3352 | D:11     | Reached skill level 6 in Axes
  3352 | D:11     | Reached skill level 6 in Maces & Flails
  3352 | D:11     | Reached skill level 6 in Polearms
  3352 | D:11     | Reached skill level 6 in Staves
  3352 | D:11     | Reached skill level 6 in Slings
  3352 | D:11     | Reached skill level 6 in Bows
  3352 | D:11     | Reached skill level 6 in Crossbows
  3352 | D:11     | Reached skill level 6 in Throwing
  3352 | D:11     | Reached skill level 6 in Armour
  3352 | D:11     | Reached skill level 6 in Shields
  3352 | D:11     | Reached skill level 6 in Unarmed Combat
  3352 | D:11     | Reached skill level 6 in Evocations
  3360 | D:11     | Killed a white ugly thing
  3360 | D:11     | Reached skill level 5 in Hexes
  3360 | D:11     | Reached skill level 5 in Charms
  3360 | D:11     | Reached skill level 5 in Summonings
  3360 | D:11     | Reached skill level 5 in Necromancy
  3360 | D:11     | Reached skill level 5 in Translocations
  3360 | D:11     | Reached skill level 5 in Transmutations
  3360 | D:11     | Reached skill level 5 in Fire Magic
  3360 | D:11     | Reached skill level 5 in Air Magic
  3360 | D:11     | Reached skill level 5 in Earth Magic
  3360 | D:11     | Reached skill level 5 in Poison Magic
  3469 | D:11     | Noticed a two-headed ogre
  3477 | D:11     | Killed a two-headed ogre
  3477 | D:11     | Reached skill level 8 in Spellcasting
  3719 | D:10     | Noticed Fannar
  3755 | D:10     | Noticed Snorg
  3766 | D:10     | Killed Snorg
  3766 | D:10     | Reached skill level 7 in Invocations
  3773 | D:10     | Reached skill level 8 in Dodging
  3823 | D:10     | Killed VLARC's ghost
  3827 | D:10     | Noticed a death knight
  3836 | D:10     | Killed a death knight
  3836 | D:10     | Reached skill level 6 in Conjurations
  3874 | D:10     | Noticed a two-headed ogre
  3879 | D:10     | Killed a two-headed ogre
  3879 | D:10     | Reached skill level 8 in Stealth
  3879 | D:10     | Reached XP level 12. HP: 48/89 MP: 24/24
  3895 | D:10     | Learned a level 4 spell: Summon Lightning Spire
  4061 | D:9      | Quit the game

Skill      XL: |  1  2  3  4  5  6  7  8  9 10 11 |
---------------+----------------------------------+-----
Conjurations   | 2 3 4 5 6 |  6.0
Spellcasting   | 5 6 7 8 |  8.5
Invocations    | 1 2 3 4 5 6 7 |  7.4
Fighting       | 1 2 3 4 5 6 |  6.7
Short Blades   | 1 2 3 4 5 6 |  6.7
Long Blades    | 1 2 3 4 5 6 |  6.7
Axes           | 1 2 3 4 5 6 |  6.7
Maces & Flails | 1 2 3 4 5 6 |  6.7
Polearms       | 1 2 3 4 5 6 |  6.7
Staves         | 1 2 3 4 5 6 |  6.7
Slings         | 1 2 3 4 5 6 |  6.7
Bows           | 1 2 3 4 5 6 |  6.7
Crossbows      | 1 2 3 4 5 6 |  6.7
Throwing       | 1 2 3 4 5 6 |  6.7
Armour         | 1 2 3 4 5 6 |  6.7
Shields        | 1 2 3 4 5 6 |  6.7
Unarmed Combat | 1 2 3 4 5 6 |  6.7
Evocations     | 1 2 3 4 5 6 |  6.7
Hexes          | 1 2 3 4 5 |  5.5
Charms         | 1 2 3 4 5 |  5.5
Summonings     | 1 2 3 4 5 |  5.5
Necromancy     | 1 2 3 4 5 |  5.5
Translocations | 1 2 3 4 5 |  5.5
Transmutations | 1 2 3 4 5 |  5.5
Fire Magic     | 1 2 3 4 5 |  5.5
Air Magic      | 1 2 3 4 5 |  5.5
Earth Magic    | 1 2 3 4 5 |  5.5
Poison Magic   | 1 2 3 4 5 |  5.5
Dodging        | 5 6 7 8 |  8.2
Stealth        | 5 6 7 8 |  8.0
Ice Magic      | 6 7 |  7.9

Action                   |  1- 3 |  4- 6 |  7- 9 | 10-12 || total
-------------------------+-------+-------+-------+-------++-------
Melee: Dagger            |    10 |     8 |     1 |     2 ||    21
       Bite              |     1 |     4 |    34 |    20 ||    59
       Short sword       |       |    53 |    68 |    30 ||   151
       Punch             |       |     2 |     2 |     4 ||     8
       Rapier            |       |       |   124 |       ||   124
       War axe           |       |       |    57 |   176 ||   233
Throw: Tomahawk          |       |     7 |    17 |    11 ||    35
 Cast: Freeze            |    42 |    21 |       |       ||    63
       Ozocubu's Armour  |       |     2 |    15 |    22 ||    39
       Summon Ice Beast  |       |       |    17 |    22 ||    39
 Abil: Evoke Berserk Rag |       |     4 |     6 |     5 ||    15
Evoke: Wand              |       |       |     3 |     6 ||     9
  Use: Scroll            |       |     5 |    13 |     5 ||    23
       Potion            |       |     1 |     1 |     1 ||     3
 Stab: Sleeping          |     3 |     2 |     1 |     9 ||    15
       Distracted        |       |       |     5 |     1 ||     6
  Eat: Chunk             |       |     4 |     7 |     9 ||    20
       Ration            |       |       |     2 |     1 ||     3
Armor: Robe              |     3 |    17 |       |       ||    20
       Troll leather arm |       |     1 |    70 |    85 ||   156
Dodge: Dodged            |    19 |    69 |   228 |   265 ||   581

Table legend:
 A = Turns spent in this place as a percentage of turns spent in the entire game.
 B = Non-inter-level travel turns spent in this place as a percentage of non-inter-level travel turns spent in the entire game.
 C = Inter-level travel turns spent in this place as a percentage of turns spent in this place.
 D = Turns resting spent in this place as a percentage of non-inter-level travel turns spent in this place.
 E = Turns spent auto-exploring this place as a percentage of non-inter-level travel turns spent in this place.
 F = Non-inter-level travel turns spent in this place divided by the number of levels of this place that you've seen.
                   A       B       C       D       E      F
               +-------+-------+-------+-------+-------+----------------------
         Total | 100.0 | 100.0 |   0.9 |   0.0 |   0.0 | 268.3
       Dungeon |  88.9 |  88.8 |   1.0 |   0.0 |   0.0 | 298.0
        Temple |   3.6 |   3.6 |   0.0 |   0.0 |   0.0 | 145.0
         Sewer |   3.3 |   3.4 |   0.0 |   0.0 |   0.0 | 135.0
       Ossuary |   4.2 |   4.2 |   0.0 |   0.0 |   0.0 | 169.0
               +-------+-------+-------+-------+-------+----------------------

Table legend:
 A = Kills in this place as a percentage of kills in entire the game.
 B = Kills by you in this place as a percentage of kills by you in the entire game.
 C = Kills by friends in this place as a percentage of kills by friends in the entire game.
 D = Other kills in this place as a percentage of other kills in the entire game.
 E = Experience gained in this place as a percentage of experience gained in the entire game.
 F = Experience gained in this place divided by the number of levels of this place that you have seen.
                   A       B       C       D       E      F
               +-------+-------+-------+-------+-------+----------------------
         Total | 100.0 | 100.0 | 100.0 |   N/A | 100.0 | 1250.0
       Dungeon |  96.0 |  94.9 | 100.0 |   N/A |  98.9 | 1544.8
         Sewer |   2.4 |   3.1 |   0.0 |   N/A |   0.8 | 144.0
       Ossuary |   1.6 |   2.1 |   0.0 |   N/A |   0.4 |  68.0
               +-------+-------+-------+-------+-------+----------------------

Vault maps used:
D:1:      minmay_arrival_split_and_join
D:2:      kennysheep_pointless_box, uniq_robin
D:3:      minmay_goblin_kobold_castle, first_ration, st_stairs_3,
          hangedman_abyss_or_decor_stabs, uniq_ijyb
D:4:      kennysheep_mini, minmay_temple_entry_glassed_door
D:5:      portal_sewer_entry_c, serial_shops, shop, kennysheep_little_box, shop,
          shop_statue, shop_fountains, uniq_grinder, uniq_duvessa,
          uniq_crazy_yiuf_cottage
D:6:      grunt_temple_overflow_open, uniq_blork_the_orc
D:7:      grunt_ogre_cave
D:8:      enter_ossuary_3, grunt_decor_resistance
D:9:      water_boxes_lemuel
D:10:     cheibrodos_ideogram_h, orc_0_dummy, uniq_fannar, uniq_snorg
D:11:     lair_entry_dummy
Temple:   bh_familiar_temple
Sewer:    sewer_the_crocodile
Ossuary:  ossuary_crypta
